 Dungeon Crawl Stone Soup version 0.30-a0-702-gdf48620a09 (webtiles) character file.

Game seed: 11208005341061095014

179 Citaku the Covered (level 5, 0/47 HPs)
             Began as a Minotaur Fighter on Jan 21, 2023.
             Slain by a gnoll
             ... wielding a +0 spear
              (4 damage)
             ... on level 3 of the Dungeon.
             The game lasted 00:02:40 (1644 turns).

Citaku the Covered (Minotaur Fighter)               Turns: 1644, Time: 00:02:41

Health: 0/47       AC:  7    Str: 23    XL:     5   Next: 32%
Magic:  4/4        EV:  9    Int:  5    God:
Gold:   136        SH:  4    Dex:  9    Spells: 4/4 levels left

rFire   . . .      SeeInvis .    a - +0 war axe
rCold   . . .      Faith    .    c - +0 buckler
rNeg    . . .      Spirit   .    b - +0 scale mail
rPois   .          Reflect  .    (helmet restricted)
rElec   .          Harm     .    (no cloak)
rCorr   .          Rampage  .    (no gloves)
Will    .....                    (no boots) Stlth
                                 (no amulet)
HPRegen 0.27/turn                (no ring)
MPRegen 0.09/turn                (no ring)

@: lethally poisoned (0 -> -5)
A: horns 2, retaliatory headbutt
a: no special abilities


You were on level 3 of the Dungeon.
You visited 1 branch of the dungeon, and saw 3 of its levels.

You collected 136 gold pieces.

Inventory:

Hand Weapons
 a - a +0 war axe (weapon)
Armour
 b - a +0 scale mail (worn)
 c - a +0 buckler (worn)
Wands
 j - a wand of charming (2)
Scrolls
 e - a scroll of immolation {unknown}
 f - 2 scrolls of fog {unknown}
 h - a scroll of torment {unknown}
 l - a scroll of poison {unknown}
 m - 2 scrolls of enchant armour {unknown}
 q - a scroll of identify {unknown}
Potions
 d - 3 potions of might
 g - a potion of ambrosia {unknown}
 i - a potion of mutation {unknown}
 k - a potion of curing {unknown}
 n - a potion of flight {unknown}
 o - a potion of heal wounds {unknown}
 p - a potion of haste {unknown}
 r - 2 potions of attraction {unknown}


   Skills:
 + Level 4.4 Fighting
 * Level 4.3 Axes
 * Level 5.1 Armour
 + Level 4.5 Shields


You had 4 spell levels left.
You didn't know any spells.
Your spell library contained the following spells:

 Spells                   Type           Power      Damage    Failure   Level
 Ensorcelled Hibernation  Hex/Ice        0%         N/A       94%         2
 Passwall                 Tmut/Erth      0%         N/A       94%         2
 Swiftness                Air            0%         N/A       99%         3
 Manifold Assault         Tloc           0%         N/A       100%        4
 Dispersal                Tloc           0%         N/A       100%        6
 Disjunction              Tloc           0%         N/A       100%        8


Dungeon Overview and Level Annotations

Branches:
Dungeon (3/15)

Altars:


Innate Abilities, Weirdness & Mutations

You have a pair of horns on your head.
You reflexively headbutt those who attack you in melee.


Message History

The gnoll is heavily wounded.
You feel very sick. The gnoll hits you with a +0 club.
The gnoll throws a poisoned dart.
The poisoned dart hits you!
You are more poisoned.
You are too injured to fight recklessly!
You are too injured to fight recklessly!
You are too injured to fight recklessly!
You are too injured to fight recklessly!
You are too injured to fight recklessly!
You are too injured to fight recklessly!
You are too injured to fight recklessly!
You are too injured to fight recklessly!
You are too injured to fight recklessly!
You are too injured to fight recklessly!
You are too injured to fight recklessly!
You are too injured to fight recklessly!
You are too injured to fight recklessly!
You are too injured to fight recklessly!
You are too injured to fight recklessly!
You are too injured to fight recklessly!
You are too injured to fight recklessly!
You feel very sick. You block the gnoll's attack.
The gnoll hits you with a +0 spear.
* * * LOW HITPOINT WARNING * * *
You barely miss the gnoll. Your headbutt misses the gnoll. You hit the gnoll.
You kill the gnoll!
* * * LOW HITPOINT WARNING * * *
You feel very sick. The gnoll hits you but does no damage.
You hit the gnoll but do no damage.
* * * LOW HITPOINT WARNING * * *
You feel very sick. The gnoll hits you but does no damage.
The bat hits you but does no damage.
You closely miss the gnoll. You closely miss the bat.
* * * LOW HITPOINT WARNING * * *
You feel sick. You block the bat's attack.
The gnoll hits you but does no damage. The bat hits you but does no damage.
The gnoll hits you with a +0 spear.
You die...

...# ..# .###... # #.#
......# #. #.# ###.#
#..# #.. #.#
#...###<.#
#..###.######........#
##..............# #..
.#.....))....†.#.# ###
......g@b.†......# #
................## #
#...............# ###
# #...............#
....#
#...............#
..>..
##>...>>.......##
..... ##............#
....# #..###....#..#
..[.. ....#


You could see a gnoll and a bat.

Vanquished Creatures
  Terence (D:2)
  3 gnolls (D:3)
  4 adders
  2 worms (D:2)
  A dart slug (D:3)
  10 ball pythons
  8 bats
  9 endoplasms
  5 goblins
  8 hobgoblins
  3 quokkas
  4 frilled lizards
  4 kobolds
  21 rats
83 creatures vanquished.

Notes
Turn   | Place    | Note
-------+----------+-------------------------------------------
     0 | D:1      | Citaku the Minotaur Fighter began the quest for the Orb.
     0 | D:1      | Reached XP level 1. HP: 19/19 MP: 0/0
   119 | D:1      | Reached XP level 2. HP: 20/27 MP: 1/1
   315 | D:1      | Found a faded altar of an unknown god.
   335 | D:1      | Reached skill level 4 in Armour
   663 | D:2      | Reached XP level 3. HP: 33/33 MP: 2/2
  1031 | D:2      | Noticed Terence
  1036 | D:2      | Killed Terence
  1037 | D:2      | Reached XP level 4. HP: 38/40 MP: 3/3
  1607 | D:3      | Reached XP level 5. HP: 46/46 MP: 4/4
  1627 | D:3      | Reached skill level 5 in Armour
  1644 | D:3      | Slain by a gnoll

Illustrated notes

Levels and vault maps discovered:
D:1:      sevenhm_arrival_forest_fort_small_5, layout_loops_cross,
          basic_ecumenical_altar
D:2:      layout_rooms, serial_rivers, chequers_serial_rivers_large_b,
          chequers_serial_rivers_micro_d, chequers_serial_rivers_small_3,
          chequers_serial_rivers_room_a, chequers_serial_rivers_room_a,
          chequers_serial_rivers_micro_c, minmay_rat_hole, uniq_terence
D:3:      layout_rooms, hangedman_decor_clover_reticule, bh_walls_and_bars

Skill      XL: |  1  2  3  4  5 |
---------------+----------------+-----
Armour         | 4 5 |  5.1
Axes           | 3 4 |  4.3
Shields        | 4 |  4.5
Fighting       | 4 |  4.4

Action                   |  1- 3 |  4- 6 || total
-------------------------+-------+-------++-------
Melee: War axe           |    89 |    55 ||   144
       Headbutt          |    12 |     5 ||    17
Armor: Scale mail        |    43 |    28 ||    71
Dodge: Dodged            |    47 |    24 ||    71
Block: Buckler           |    14 |    12 ||    26

Table legend: (Time is in decaauts)
 A = Elapsed time spent in this place.
 B = Non-inter-level travel time spent in this place.
 C = Inter-level travel time spent in this place.
 D = Time resting spent in this place.
 E = Time spent auto-exploring this place.
 F = Levels seen in this place.
 G = Mean time per level.
                   A        B        C        D        E       F      G
               +--------+--------+--------+--------+--------+-----+--------+
         Total |   1729 |   1676 |     53 |      0 |   1314 |   3 |  576.3 |
       Dungeon |   1729 |   1676 |     53 |      0 |   1314 |   3 |  576.3 |
               +--------+--------+--------+--------+--------+-----+--------+

Top non-repeatable levels by time:
     D:2: 845 daAuts
     D:1: 669 daAuts
     D:3: 213 daAuts
